 Dungeon Crawl Stone Soup version 0.30-a0-475-g03497ec522 (webtiles) character file.

Game seed: 17260844277185838395

658 billz999 the Trooper (level 7, -3/54 HPs)
             Began as a Djinni Fire Elementalist on Dec 20, 2022.
             Was an Initiate of Hepliaklqana.
             Slain by a gnoll
             ... wielding a +0 halberd
             ... led by a gnoll bouda
              (11 damage)
             ... on level 6 of the Dungeon.
             The game lasted 00:07:43 (2967 turns).

billz999 the Trooper (Djinni Fire Elementalist)     Turns: 2967, Time: 00:07:43

Health: -3/54      AC:  6    Str:  7    XL:     7   Next: 85%
Gold:   245        EV: 11    Int: 18    God:    Hepliaklqana [......] SH:  0 Dex: 14

rFire   + + .      SeeInvis .    k - +2 flail (drain)
rCold   x . .      Faith    .    (no shield)
rNeg    . . .      Spirit   .    l - +3 leather armour {Will+}
rPois   ∞          Reflect  .    (no helmet)
rElec   .          Harm     .    (no cloak)
rCorr   +          Rampage  .    (no gloves)
Will    +....                    (boots unavailable)
Stlth   ++........               (no amulet)
HPRegen 0.29/turn                m - ring of resist corrosion
MPRegen 0.00/turn                (no ring)

@: brilliant, weakened, flying, very slightly contaminated
A: sickness immunity, fire resistance 2, cold vulnerability 1, float, innate
caster, HP casting, extra vitality 1
a: Renounce Religion


You were on level 6 of the Dungeon.
You worshipped Hepliaklqana.
Hepliaklqana was noncommittal.
You visited 1 branch of the dungeon, and saw 5 of its levels.

You collected 245 gold pieces.

Inventory:

Hand Weapons
 k - a +2 flail of draining (weapon)
Missiles
 j - a throwing net
Armour
 a - a +0 robe
 l - a +3 leather armour of willpower (worn)
Magical Staves
 n - a staff of air
Jewellery
 m - a ring of resist corrosion (left hand)
Scrolls
 d - 2 scrolls of poison {unknown}
 f - a scroll of vulnerability {unknown}
 h - 2 scrolls of teleportation
 i - 2 scrolls of enchant armour {unknown}
 o - 2 scrolls of identify {unknown}
Potions
 b - 2 potions of might {unknown}
 c - a potion of curing
 e - a potion of lignification {unknown}
 g - 2 potions of brilliance


   Skills:
 + Level 5.4 Fighting
 - Level 2.1 Dodging
 - Level 1.5 Stealth
 - Level 5.0 Spellcasting


You couldn't memorise any spells.
You knew the following spells:

 Your Spells              Type           Power      Damage    Failure   Level
a - Foxfire               Conj/Fire      100%       2x1d9     2%          1
b - Scorch                Fire           66%        2d8       3%          2
c - Kindle Blastsparks    Fire/Tloc/Air  66%        2d15      8%          3
d - Inner Flame           Hex/Fire       33%        N/A       8%          3
e - Flame Wave            Conj/Fire      33%        2d10      26%         4
f - Sting                 Tmut/Pois      100%       1d8       2%          1
g - Momentum Strike       Conj/Tloc      66%        3d9       3%          2
h - Hailstorm             Conj/Ice       33%        3d8       8%          3
Your spell library was empty.

Dungeon Overview and Level Annotations

Branches:
Dungeon (6/15)
 Temple: D:4-7

Altars:
Hepliaklqana
Uskayaw

Annotations:
D:5 3 runed translucent doors, olddryhag's ghost, novice DsGl
D:6 Dowan


Innate Abilities, Weirdness & Mutations

You are immune to sickness and miasma.
You are immune to poison.
Your flesh is very heat resistant. (rF++)
You are vulnerable to cold. (rC-)
You float through the air rather than walking.
You learn spells naturally, not from books.
Your magical power is your life essence.
You have superior vitality. (+4 MHP)


Message History

Casting: Hailstorm (dangerous; 8% risk of failure)
Press: ? - help, Dir - look around, f - activate A cannonade of hail descends around you!
The hail misses the gnoll. x2; The hail pelts Dowan!
Dowan is heavily wounded.
The gnoll hits you but does no damage.
The gnoll bouda hits you with a +0 whip!
* * * LOW HITPOINT WARNING * * *
Dowan casts a spell.
Dowan blinks!
Unknown command.
Unknown command.
Unknown command.
Casting: Hailstorm (dangerous; 8% risk of failure)
Confirm with . or Enter, or press ? or * to list all spells.
Casting: Hailstorm (dangerous; 8% risk of failure)
Press: ? - help, Dir - look around, f - activate You miscast Hailstorm.
Nothing appears to happen.
* * * LOW HITPOINT WARNING * * *
The gnoll hits you from afar with a +0 spear.
* * * LOW HITPOINT WARNING * * *
The gnoll bouda gazes fiercely through you!
You feel your attacks grow feeble.
The gnoll bouda hits you with a +0 whip.
* * * LOW HITPOINT WARNING * * *
The gnoll closely misses you.
Unknown command.
Unknown command.
It was a potion of curing.
You feel better. The gnoll closely misses you.
The gnoll hits you from afar with a +0 halberd.
* * * LOW HITPOINT WARNING * * *
The gnoll bouda hits you with a +0 whip.
* * * LOW HITPOINT WARNING * * *
Dowan closely misses you.
Unknown command.
It was a potion of brilliance.
You feel clever all of a sudden. The gnoll closely misses you.
The gnoll bouda misses you.
The gnoll hits you from afar with a +0 halberd!
You die...

#......# ##.........##.....
#....).####......# (..#.....
#........###....####........
#[........##......#.........
......#.....................
.....####.......###)........
.....# #...#..g..##.........
.....####.###.g).e.....##...
#............†..@g.###.#
#........#.÷...##.## ...
##.........<.###### ...
#..........### ..#..
##.......### ## . #.......#
##......# ##.....##
##.......##


You could see Dowan (fast), a gnoll bouda and 2 gnolls.

Vanquished Creatures
  Edmund (D:5)
  Duvessa (D:6)
  A sky beast (D:6)
  A bullfrog (D:6)
  2 hounds
  A jelly (D:6)
  An orc priest (D:4)
  2 iguanas
  2 adders (D:4)
  3 gnolls (D:6)
  A shadow imp (D:5)
  2 ufetubi
  3 dart slugs
  3 ball pythons (D:4)
  3 endoplasms
  5 hobgoblins
  4 jackals (D:1)
  4 quokkas
  6 bats (D:1)
  2 frilled lizards (D:1)
  4 goblins
  2 kobolds (D:1)
  2 rats (D:1)
56 creatures vanquished.

Vanquished Creatures (others)
  165 foxfires
165 creatures vanquished.

Grand Total: 221 creatures vanquished

Notes
Turn   | Place    | Note
-------+----------+-------------------------------------------
     0 | D:1      | billz999 the Djinni Fire Elementalist began the quest for
                  | the Orb.
     0 | D:1      | billz999 set off with the following spells memorised:
                  | Foxfire, Scorch, Kindle Blastsparks, Inner Flame, Flame
                  | Wave.
     0 | D:1      | Reached XP level 1. HP: 15/15 MP: 0/0
   315 | D:1      | Reached XP level 2. HP: 18/21 MP: 0/0
   493 | D:1      | Reached XP level 3. HP: 13/25 MP: 0/0
   493 | D:1      | Learned a level 1 spell: Sting
   981 | D:2      | You are sucked into a shaft and drop 2 floors!
  1027 | D:4      | Reached XP level 4. HP: 23/31 MP: 0/0
  1144 | D:4      | Reached XP level 5. HP: 17/35 MP: 0/0
  1144 | D:4      | Learned a level 2 spell: Momentum Strike
  1866 | D:5      | Entered Level 5 of the Dungeon
  1953 | D:5      | Noticed Edmund
  1959 | D:5      | Reached XP level 6. HP: 32/40 MP: 0/0
  1971 | D:5      | Killed Edmund
  1972 | D:5      | Reached skill level 5 in Spellcasting
  2253 | D:5      | Found a runed translucent gate.
  2254 | D:5      | Found a runed translucent gate.
  2255 | D:5      | Found a runed translucent gate.
  2259 | D:5      | Found a hazy altar of Hepliaklqana.
  2280 | D:5      | Became a worshipper of Hepliaklqana the Forgotten
  2630 | D:5      | Noticed olddryhag's ghost (novice DsGl)
  2630 | D:5      | Noticed an ice beast
  2630 | D:5      | Noticed an ice beast
  2670 | D:6      | Reached XP level 7. HP: 46/50 MP: 0/0
  2670 | D:6      | Learned a level 3 spell: Hailstorm
  2901 | D:6      | Found a hide-covered altar of Uskayaw.
  2917 | D:6      | Noticed Duvessa
  2940 | D:6      | Killed Duvessa
  2941 | D:6      | Reached skill level 5 in Fighting
  2960 | D:6      | Noticed Dowan
  2967 | D:6      | Slain by a gnoll

Illustrated notes

Levels and vault maps discovered:
D:1:      amcnicky_arrival_flooded_fountain, layout_basic, reono_crystal_passage
D:2:      layout_loops_ring, basic_ecumenical_altar, uniq_robin
D:4:      minmay_angry_zag, layout_gridville, kennysheep_little_box,
          minmay_misc_feat_tiny
D:5:      layout_cave_pools, mainiacjoe_overflow_brackets, serial_rivers,
          chequers_serial_rivers_small_3, chequers_serial_rivers_room_a,
          chequers_serial_rivers_micro_a, chequers_serial_rivers_small_b,
          gammafunk_ghost_icy, uniq_edmund
D:6:      layout_cave_pools, lemuel_crystal_altar,
          nicolae_concentric_dashed_squares_wild, nicolae_shop_gadgets,
          uniq_duvessa

Skill      XL: |  1  2  3  4  5  6  7 |
---------------+----------------------+-----
Spellcasting   | 3 4 5 |  5.0
Fighting       | 3 5 |  5.4
Dodging        | |  2.1
Stealth        | |  1.5

Action                   |  1- 3 |  4- 6 |  7- 9 || total
-------------------------+-------+-------+-------++-------
Melee: Unarmed           |     5 |       |       ||     5
 Cast: Foxfire           |    47 |    34 |    18 ||    99
       Scorch            |     6 |    18 |     2 ||    26
       Kindle Blastspark |       |       |     4 ||     4
       Hailstorm         |       |       |     2 ||     2
  Use: Scroll            |       |     1 |       ||     1
       Potion            |       |       |     2 ||     2
Armor: Robe              |     2 |     2 |       ||     4
       Leather armour    |       |       |     5 ||     5
Dodge: Dodged            |    10 |    10 |     8 ||    28

Table legend: (Time is in decaauts)
 A = Elapsed time spent in this place.
 B = Non-inter-level travel time spent in this place.
 C = Inter-level travel time spent in this place.
 D = Time resting spent in this place.
 E = Time spent auto-exploring this place.
 F = Levels seen in this place.
 G = Mean time per level.
                   A        B        C        D        E       F      G
               +--------+--------+--------+--------+--------+-----+--------+
         Total |   2966 |   2883 |     83 |    330 |   2163 |   5 |  593.2 |
       Dungeon |   2966 |   2883 |     83 |    330 |   2163 |   5 |  593.2 |
               +--------+--------+--------+--------+--------+-----+--------+

Top non-repeatable levels by time:
     D:1: 917 daAuts
     D:5: 905 daAuts
     D:4: 884 daAuts
     D:6: 195 daAuts
     D:2: 63 daAuts
